AoeStats
← Bonea

African Clearing

504000216Analyzed
4v4 RM · 28d ago on Sep 3, 2026· 43m 30s· 8 players
Game mode
Random Map
Map size
Large (8 player)
Population
200
Speed
Normal
Resources
Standard
Victory
Conquest
Starting age
Dark Age
Ending age
Imperial Age
RankedLock teamsTeams togetherTeam positionsShared explorationLock speedFull tech treeHidden civsTurbo modeCheats
Victory
Defeat
🇨🇳 Spanish · China
1285
+14
🇨🇳 Koreans · China
1243
+16
🇨🇳 Malay · China
1242
+16
1198
+18
🇦🇷 Turks · Argentina
1282
-19
🇳🇱 Inca · Netherlands
1242
-16
🇨🇴 Persians · Colombia
1220
-15
🇧🇷 Cumans · Brazil
1193
-14
psrycc
4:25 Loom
14:12 Feudal Age
22:01 Castle Age
20:40 Stone Mining
34:38 Fletching
39:19 Wheelbarrow
40:24 Double-Bit Axe
42:48 Hand Cart
45:29 Imperial Age
莫挨老子
13:13 Feudal Age
17:18 Castle Age
16:43 Stone Mining
16:41 Double-Bit Axe
17:13 Horse Collar
18:59 Loom
28:37 Bloodlines
28:46 Fletching
30:02 Wheelbarrow
31:46 Fletching
32:14 Husbandry
33:36 Gold Mining
34:55 Padded Archer Armor
35:22 Heavy Plow
36:40 Devotion
36:54 Bodkin Arrow
39:06 Hand Cart
40:07 Ballistics
40:45 Leather Archer Armor
44:38 Imperial Age
有钱胶己人 无钱咬支浪
13:16 Feudal Age
12:47 Loom
15:30 Double-Bit Axe
15:27 Horse Collar
15:38 Gold Mining
15:40 Stone Mining
18:12 Castle Age
19:19 Bow Saw
19:46 Stone Shaft Mining
19:49 Wheelbarrow
20:54 Fletching
23:56 Bodkin Arrow
24:48 Hand Cart
27:33 Padded Archer Armor
28:31 Ballistics
28:20 Town Watch
30:56 Leather Archer Armor
31:09 Herbal Medicine
33:22 Heavy Plow
38:29 Imperial Age
38:30 Town Patrol
39:53 Block Printing
40:04 Illumination
40:17 Theocracy
39:16 Elite Rattan Archer
41:39 Bracer
42:41 Chemistry
42:06 Town Patrol
42:48 Ring Archer Armor
Bonea
4:03 Loom
13:07 Feudal Age
18:11 Castle Age
16:54 Double-Bit Axe
16:49 Horse Collar
23:19 Wheelbarrow
31:27 Imperial Age
28:51 Gold Mining
29:44 Hand Cart
30:07 Gold Shaft Mining
29:23 Stone Mining
29:34 Heavy Plow
30:04 Bow Saw
29:57 Padded Archer Armor
29:47 Fletching
30:41 Pikeman
31:21 Squires
31:06 Arson
30:43 Man-at-Arms
31:19 Bodkin Arrow
31:40 Leather Archer Armor
32:00 Coinage
31:36 Town Watch
32:27 Stone Shaft Mining
32:04 Forging
31:34 Crossbowman
32:16 Bracer
33:21 Banking
34:30 Chemistry
34:54 Conscription
34:47 Forging
34:48 Thumb Ring
34:04 Elite Skirmisher
35:30 Arbalester
36:37 Ballistics
38:06 Bombard Tower
38:17 Ring Archer Armor
38:23 Iron Casting
38:05 Elite Karambit Warrior
38:48 Forced Levy
38:36 Treadmill Crane
38:51 Murder Holes
41:17 Caravan
41:31 Imperial Skirmisher
42:27 Sappers
42:57 Thalassocracy
44:34 Crop Rotation
44:06 Thalassocracy
43:30 Halberdier
KOENAGUERO
11:07 Loom
12:54 Feudal Age
14:47 Double-Bit Axe
16:26 Wheelbarrow
15:37 Town Watch
16:11 Champi Runner
17:05 Gold Mining
21:26 Castle Age
19:16 Arson
20:56 Stone Mining
22:15 Forging
22:39 Champi Warrior
23:20 Squires
28:36 Iron Casting
LRNI_Thegar
8:26 Loom
8:40 Loom
13:07 Feudal Age
13:27 Double-Bit Axe
13:51 Horse Collar
19:04 Wheelbarrow
25:01 Castle Age
25:34 Scale Barding Armor
25:40 Forging
25:53 Bloodlines
25:44 Husbandry
27:05 Chain Barding Armor
32:49 Iron Casting
32:25 Gold Mining
42:56 Heavy Plow
FerDiehl
12:38 Feudal Age
13:10 Loom
13:41 Double-Bit Axe
16:38 Fletching
22:43 Horse Collar
26:10 Wheelbarrow
29:40 Castle Age
28:13 Bloodlines
36:07 Forging
41:20 Bodkin Arrow
LRNI_UzuI
9:01 Loom
11:31 Feudal Age
12:36 Double-Bit Axe
17:58 Scale Barding Armor
22:24 Castle Age
21:23 Bloodlines
21:13 Horse Collar
23:44 Forging
24:25 Wheelbarrow
24:27 Husbandry
24:41 Heavy Plow
25:31 Town Watch
26:39 Bow Saw
29:08 Chain Barding Armor
30:23 Stone Mining
35:43 Imperial Age
34:24 Hand Cart
34:04 Gold Mining
34:28 Fletching
35:15 Iron Casting
35:20 Bodkin Arrow
36:56 Conscription
37:15 Plate Barding Armor
39:14 Blast Furnace
39:53 Bracer
40:36 Gold Shaft Mining
Connection lost

Rejoining the realm…

Still unreachable

The connection could not be restored.

Session expired

The server has moved on; the page needs a fresh start.